General information
- name: BNet
- type: Ladder team game (AT/RT)
- host: Battle.net
- saver: DOGSANDHORSE.RU
map: SilverpineForest
- players: 6
- length: 24:58
- speed: Fast
- version: 1.24 W3XP
- replay type:

» download(182 KB)
Players
team 1 (loser)
4nibal (
teal | 56 APM | 1395 actions | 24:50)
4 Blademaster
2 Wind Walk
2 Critical Strike
3 Shadow Hunter
1 Hex
2 Healing Wave
» actions
| Assign group hotkey | 26 | |
| Basic commands | 111 | |
| Build / train | 63 | |
| Enter build submenu | 45 | |
| Enter hero's abilities submenu | 7 | |
| Give item / drop item | 2 | |
| Right click | 335 | |
| Select / deselect | 338 | |
| Select group hotkey | 359 | |
| Use ability | 109 | |
1395 total
» units
| Peon | 20 | |
| Grunt | 6 | |
| Troll Witch Doctor | 5 | |
| Demolisher | 6 | |
| Tauren | 2 | |
| Troll Headhunter/Berserker | 3 | |
42 total
» upgrades
| Witch Doctor Training | 2 | |
| Troll Regeneration | 1 | |
| Reinforced Defenses | 1 | |
| Armor | 2 | |
| Burning Oil | 1 | |
| Melee Weapons | 1 | |
8 total
» buildings
| Altar of Storms | 2 | |
| Orc Burrow | 5 | |
| Barracks | 2 | |
| War Mill | 1 | |
| Stronghold | 1 | |
| Voodoo Lounge | 1 | |
| Spirit Lodge | 1 | |
| Great Hall | 1 | |
| Watch Tower | 24 | |
| Fortress | 1 | |
| Tauren Totem | 1 | |
| Beastiary | 2 | |
42 total
» build order
00:15 Altar of Storms
00:17 Altar of Storms
00:30 Orc Burrow
00:54 Barracks
01:40 Orc Burrow
02:02 War Mill
02:52 Stronghold
03:48 Orc Burrow
04:28 Voodoo Lounge
05:38 Spirit Lodge
06:42 Great Hall
06:51 Orc Burrow
07:28 Watch Tower
08:08 Watch Tower
08:46 Watch Tower
10:42 Orc Burrow
10:49 Watch Tower
10:56 Fortress
13:49 Watch Tower
13:52 Watch Tower
14:15 Watch Tower
14:46 Watch Tower
14:51 Watch Tower
15:26 Watch Tower
15:32 Watch Tower
15:37 Watch Tower
15:55 Watch Tower
15:58 Watch Tower
16:01 Watch Tower
16:07 Watch Tower
16:11 Watch Tower
16:23 Watch Tower
17:53 Watch Tower
18:08 Watch Tower
18:54 Watch Tower
20:03 Watch Tower
20:25 Tauren Totem
20:31 Barracks
20:38 Watch Tower
20:54 Watch Tower
23:15 Beastiary
24:16 Beastiary
» items
| Boots of Speed | 1 | |
| Healing Salve | 1 | |
2 total
elfprincess (
orange | 50 APM | 1249 actions | 24:56)
4 Mountain King
2 Storm Bolt
2 Bash
» actions
| Basic commands | 3 | |
| Build / train | 76 | |
| Enter build submenu | 32 | |
| Enter hero's abilities submenu | 4 | |
| Right click | 771 | |
| Select / deselect | 319 | |
| Use ability | 44 | |
1249 total
» units
| Peasant | 14 | |
| Footman | 6 | |
| Rifleman | 8 | |
| Flying Machine | 11 | |
| Siege Engine | 18 | |
57 total
» upgrades
| Defend | 1 | |
| Long Rifles | 1 | |
| Barrage | 1 | |
3 total
» buildings
| Altar of Kings | 1 | |
| Farm | 11 | |
| Barracks | 2 | |
| Lumber Mill | 1 | |
| Scout Tower | 10 | |
| Arcane Tower | 1 | |
| Guard Tower | 7 | |
| Keep | 1 | |
| Blacksmith | 1 | |
| Workshop | 2 | |
| Arcane Vault | 1 | |
| Castle | 1 | |
| Town Hall | 1 | |
40 total
» build order
00:27 Altar of Kings
00:41 Farm
00:54 Barracks
01:09 Farm
01:23 Lumber Mill
02:06 Farm
02:17 Scout Tower
02:46 Farm
02:51 Arcane Tower
02:54 Scout Tower
03:41 Barracks
03:46 Guard Tower
03:47 Farm
04:14 Keep
05:10 Blacksmith
06:08 Scout Tower
06:39 Guard Tower
06:40 Farm
08:32 Workshop
08:45 Arcane Vault
09:15 Farm
09:16 Farm
11:13 Castle
11:19 Workshop
13:23 Farm
15:21 Scout Tower
15:24 Scout Tower
15:28 Scout Tower
15:31 Scout Tower
15:41 Farm
15:51 Scout Tower
15:54 Guard Tower
16:03 Guard Tower
16:13 Farm
16:28 Guard Tower
16:35 Scout Tower
18:05 Scout Tower
18:07 Guard Tower
20:12 Guard Tower
20:38 Town Hall
» items

»
legion (
blue | 65 APM | 1508 actions | 23:10)
4 Death Knight
2 Death Coil
2 Unholy Aura
4 Lich
2 Frost Nova
2 Frost Armor
» actions
| Assign group hotkey | 14 | |
| Build / train | 55 | |
| Enter build submenu | 21 | |
| Enter hero's abilities submenu | 9 | |
| Give item / drop item | 1 | |
| Right click | 616 | |
| Select / deselect | 454 | |
| Select group hotkey | 273 | |
| Use ability | 63 | |
1508 total
» units
| Acolyte | 7 | |
| Ghoul | 11 | |
| Crypt Fiend | 17 | |
| Obsidian Statue | 2 | |
37 total
» upgrades
» buildings
| Altar of Darkness | 1 | |
| Crypt | 1 | |
| Ziggurat | 12 | |
| Graveyard | 1 | |
| Nerubian Tower | 1 | |
| Tomb of Relics | 1 | |
| Halls of the Dead | 2 | |
| Slaughterhouse | 1 | |
| Black Citadel | 1 | |
| Sacrificial Pit | 1 | |
| Spirit Tower | 1 | |
| Necropolis | 1 | |
24 total
» build order
00:12 Altar of Darkness
00:15 Crypt
00:32 Ziggurat
00:54 Ziggurat
01:15 Graveyard
02:07 Nerubian Tower
02:45 Ziggurat
03:00 Tomb of Relics
03:54 Halls of the Dead
03:54 Halls of the Dead
06:38 Slaughterhouse
06:43 Black Citadel
07:15 Ziggurat
07:18 Ziggurat
07:53 Ziggurat
09:35 Ziggurat
09:43 Ziggurat
13:07 Sacrificial Pit
13:11 Ziggurat
14:50 Spirit Tower
16:02 Necropolis
16:07 Ziggurat
16:09 Ziggurat
16:12 Ziggurat
» items
| Rod of Necromancy | 1 | |
| Sacrificial Skull | 1 | |
2 total
team 2 (winner)
ANARCHY4THEUK (
yellow | 109 APM | 2713 actions | 24:56)
3 Goblin Alchemist
2 Chemical Rage
1 Healing Spray
3 Goblin Tinker
2 Pocket Factory
1 Cluster Rockets
» actions
| Assign group hotkey | 60 | |
| Basic commands | 145 | |
| Build / train | 76 | |
| Enter build submenu | 24 | |
| Enter hero's abilities submenu | 7 | |
| Give item / drop item | 8 | |
| Remove unit from queue | 5 | |
| Right click | 1426 | |
| Select / deselect | 339 | |
| Select group hotkey | 512 | |
| Use ability | 111 | |
2713 total
» units
» upgrades
| Ultravision | 1 | |
| Nature's Blessing | 1 | |
| Strength of the Wild | 3 | |
| Well Spring | 1 | |
| Corrosive Breath | 1 | |
| Resistant Skin | 1 | |
| Hardened Skin | 1 | |
| Reinforced Hides | 1 | |
10 total
» buildings
| Altar of Elders | 1 | |
| Moon Well | 8 | |
| Tree of Ages | 1 | |
| Hunter's Hall | 1 | |
| Ancient of Wonders | 5 | |
| Tree of Eternity | 1 | |
| Ancient of Wind | 1 | |
| Chimaera Roost | 2 | |
| Tree of Life | 1 | |
| Ancient of Lore | 2 | |
23 total
» build order
00:11 Altar of Elders
00:14 Moon Well
01:26 Moon Well
03:09 Moon Well
03:42 Tree of Ages
04:20 Hunter's Hall
04:37 Moon Well
07:13 Ancient of Wonders
07:26 Ancient of Wonders
07:43 Ancient of Wonders
07:46 Tree of Eternity
07:49 Ancient of Wind
09:24 Ancient of Wonders
09:27 Ancient of Wonders
10:17 Chimaera Roost
12:24 Tree of Life
13:33 Chimaera Roost
16:42 Moon Well
16:43 Moon Well
16:43 Moon Well
16:44 Moon Well
20:07 Ancient of Lore
20:08 Ancient of Lore
» items
| Boots of Speed | 2 | |
| Staff of Teleportation | 2 | |
| Staff of Preservation | 1 | |
| Orb of Venom | 1 | |
| Orb of Lightning | 1 | |
| Healing Salve | 2 | |
| Lesser Clarity Potion | 2 | |
| Potion of Healing | 1 | |
12 total
DOGSANDHORSE.RU (
pink | 117 APM | 2932 actions | 24:58)
4 Archmage
2 Blizzard
2 Brilliance Aura
3 Mountain King
2 Storm Bolt
1 Bash
2 Paladin
1 Holy Light
1 Divine Shield
» actions
| Assign group hotkey | 5 | |
| Basic commands | 4 | |
| Build / train | 102 | |
| Enter build submenu | 52 | |
| Enter hero's abilities submenu | 10 | |
| Give item / drop item | 7 | |
| Right click | 1914 | |
| Select / deselect | 324 | |
| Select group hotkey | 346 | |
| Use ability | 168 | |
2932 total
» units
» upgrades
| Masonry | 3 | |
| Lumber Harvesting | 2 | |
| Magic Sentry | 1 | |
| Priest Training | 1 | |
7 total
» buildings
| Altar of Kings | 1 | |
| Farm | 6 | |
| Lumber Mill | 2 | |
| Arcane Vault | 2 | |
| Scout Tower | 67 | |
| Arcane Tower | 8 | |
| Guard Tower | 39 | |
| Keep | 1 | |
| Town Hall | 1 | |
| Castle | 1 | |
| Arcane Sanctum | 1 | |
| Blacksmith | 1 | |
| Barracks | 1 | |
131 total
» build order
00:11 Altar of Kings
00:19 Farm
00:52 Lumber Mill
01:02 Arcane Vault
01:03 Farm
01:33 Scout Tower
01:55 Scout Tower
02:00 Arcane Tower
02:00 Arcane Tower
02:00 Arcane Tower
02:24 Scout Tower
02:27 Scout Tower
02:48 Scout Tower
02:50 Scout Tower
02:52 Guard Tower
03:09 Arcane Tower
03:13 Scout Tower
03:35 Guard Tower
03:35 Guard Tower
03:35 Guard Tower
03:36 Scout Tower
03:38 Scout Tower
03:42 Guard Tower
03:50 Guard Tower
03:51 Scout Tower
03:52 Scout Tower
04:04 Guard Tower
04:24 Guard Tower
04:32 Scout Tower
04:33 Guard Tower
04:37 Scout Tower
04:38 Scout Tower
04:39 Scout Tower
04:41 Scout Tower
04:42 Scout Tower
04:43 Scout Tower
05:10 Guard Tower
05:12 Scout Tower
05:13 Scout Tower
05:13 Scout Tower
05:15 Keep
06:05 Guard Tower
06:07 Guard Tower
06:22 Town Hall
06:29 Scout Tower
06:31 Scout Tower
06:32 Scout Tower
06:38 Guard Tower
06:38 Guard Tower
06:44 Guard Tower
06:46 Scout Tower
06:47 Scout Tower
06:48 Scout Tower
06:48 Scout Tower
06:49 Scout Tower
06:50 Scout Tower
07:33 Guard Tower
07:35 Scout Tower
07:36 Scout Tower
07:37 Scout Tower
07:38 Scout Tower
07:39 Scout Tower
07:40 Scout Tower
08:01 Guard Tower
08:20 Lumber Mill
08:24 Guard Tower
08:27 Guard Tower
08:27 Guard Tower
08:28 Guard Tower
08:35 Scout Tower
08:35 Scout Tower
08:36 Scout Tower
08:37 Scout Tower
08:46 Guard Tower
08:47 Guard Tower
09:30 Guard Tower
09:37 Guard Tower
09:40 Scout Tower
09:40 Scout Tower
09:41 Scout Tower
09:42 Scout Tower
09:44 Scout Tower
09:44 Scout Tower
09:45 Scout Tower
09:47 Scout Tower
09:47 Scout Tower
10:46 Guard Tower
10:47 Scout Tower
10:48 Scout Tower
10:50 Scout Tower
10:50 Scout Tower
10:51 Scout Tower
10:58 Guard Tower
11:14 Castle
11:22 Guard Tower
11:28 Arcane Sanctum
11:42 Guard Tower
11:44 Scout Tower
11:45 Scout Tower
11:46 Scout Tower
11:47 Scout Tower
11:48 Scout Tower
12:10 Guard Tower
12:17 Guard Tower
12:19 Guard Tower
12:36 Scout Tower
12:37 Scout Tower
12:39 Scout Tower
12:41 Scout Tower
12:43 Arcane Tower
13:30 Guard Tower
13:36 Arcane Tower
13:47 Guard Tower
15:00 Guard Tower
17:59 Guard Tower
18:01 Guard Tower
18:15 Arcane Vault
20:22 Scout Tower
20:23 Scout Tower
20:24 Scout Tower
20:25 Scout Tower
20:30 Farm
20:31 Farm
20:32 Farm
20:32 Farm
20:33 Blacksmith
20:35 Barracks
20:50 Guard Tower
24:02 Guard Tower
» items
| Boots of Speed | 2 | |
| Scroll of Regeneration | 1 | |
| Lesser Clarity Potion | 2 | |
| Orb of Lightning | 2 | |
| Healing Salve | 3 | |
| Legion Doom-Horn | 1 | |
| Pendant of Mana | 1 | |
| Hood of Cunning | 1 | |
| Staff of Sanctuary | 3 | |
| Medallion of Courage | 1 | |
| Ancient Janggo of Endurance | 1 | |
18 total
TIMG4STRok (
red | 92 APM | 2283 actions | 24:56)
7 Blademaster
3 Wind Walk
3 Critical Strike
1 Bladestorm
» actions
| Assign group hotkey | 13 | |
| Basic commands | 5 | |
| Build / train | 74 | |
| ESC pressed | 2 | |
| Enter build submenu | 58 | |
| Enter hero's abilities submenu | 7 | |
| Give item / drop item | 6 | |
| Right click | 1257 | |
| Select / deselect | 247 | |
| Select group hotkey | 491 | |
| Use ability | 120 | |
2283 total
» units
» upgrades
| Spiked Barricades | 2 | |
| Ranged Weapons | 3 | |
| Armor | 3 | |
| Reinforced Defenses | 1 | |
| Liquid Fire | 1 | |
10 total
» buildings
| Altar of Storms | 1 | |
| War Mill | 3 | |
| Orc Burrow | 4 | |
| Watch Tower | 38 | |
| Voodoo Lounge | 3 | |
| Stronghold | 1 | |
| Beastiary | 2 | |
| Great Hall | 3 | |
| Fortress | 1 | |
| Barracks | 1 | |
57 total
» build order
00:05 Altar of Storms
00:07 War Mill
00:20 Orc Burrow
01:39 Watch Tower
01:53 Watch Tower
02:02 Orc Burrow
02:15 Voodoo Lounge
02:53 Watch Tower
02:59 Watch Tower
03:08 Watch Tower
03:13 Watch Tower
03:20 Watch Tower
03:42 War Mill
04:06 Watch Tower
04:29 Watch Tower
04:32 Stronghold
05:50 Watch Tower
05:51 Watch Tower
05:52 Watch Tower
05:56 Watch Tower
05:56 Watch Tower
07:46 Beastiary
07:48 Beastiary
08:12 Great Hall
08:17 Watch Tower
08:17 Watch Tower
08:22 Orc Burrow
08:22 Orc Burrow
08:31 Fortress
09:37 Watch Tower
09:37 Watch Tower
09:44 Watch Tower
10:23 Watch Tower
11:26 Watch Tower
11:27 Watch Tower
11:32 Watch Tower
13:59 Voodoo Lounge
14:01 Voodoo Lounge
14:04 War Mill
14:27 Watch Tower
14:27 Watch Tower
15:49 Watch Tower
15:49 Watch Tower
17:05 Watch Tower
17:06 Watch Tower
17:08 Watch Tower
17:09 Watch Tower
17:55 Watch Tower
17:56 Watch Tower
20:09 Watch Tower
20:10 Watch Tower
20:16 Great Hall
20:19 Great Hall
20:31 Watch Tower
20:31 Watch Tower
20:51 Barracks
21:19 Watch Tower
» items
| Staff of Teleportation | 1 | |
| Boots of Speed | 1 | |
| Lesser Clarity Potion | 3 | |
| Healing Salve | 1 | |
| Orb of Lightning | 1 | |
| Claws of Attack +9 | 2 | |
| Legion Doom-Horn | 1 | |
| Warsong Battle Drums | 1 | |
| Hood of Cunning | 1 | |
12 total
Chat log
(10:57 / Allies) TIMG4STRok: sources
(23:26 / All) elfprincess: coward tactic
(23:30 / All) DOGSANDHORSE.RU: shitnoobs
(23:31 / All) DOGSANDHORSE.RU: leave now
(23:34 / All) DOGSANDHORSE.RU: you learn to play
(23:35 / All) DOGSANDHORSE.RU: lmao
(23:38 / All) elfprincess: cowars
(23:41 / All) DOGSANDHORSE.RU: pussy?
(23:53 / All) elfprincess: everybody knows how to make towers
(23:57 / All) elfprincess: learn to play
(23:58 / All) DOGSANDHORSE.RU: what a matter
(24:00 / All) DOGSANDHORSE.RU: can't kill a tower/
(24:06 / All) DOGSANDHORSE.RU: nah only need heroes to kill you
(24:09 / All) DOGSANDHORSE.RU: shitbit birdnoob
(24:20 / All) elfprincess: i prefer to lose
(24:24 / All) DOGSANDHORSE.RU: i can see that
(24:26 / All) elfprincess: not win in that way
(24:28 / All) DOGSANDHORSE.RU: fuckface
(24:30 / All) elfprincess: only noobs do it
(24:35 / All) DOGSANDHORSE.RU: send me nude pictures
(24:35 / All) DOGSANDHORSE.RU: honey
(24:43 / All) elfprincess: people who can do other things
(24:51 / All) elfprincess: noobbbbbbsssss hahahahahhahah learn
(24:52 / All) DOGSANDHORSE.RU: leave
(24:56 / All) DOGSANDHORSE.RU: http://highper.ch